 Dungeon Crawl Stone Soup version 0.28.0-43-g3370ac3207 (webtiles) character file.

Game seed: 13022059185532937075

632 zeratav the Magician (level 7, -5/36 HPs)
             Began as a Deep Elf Fire Elementalist on Mar 31, 2022.
             Slain by a gnoll shaman
             ... wielding a +0 whip
              (7 damage)
             ... on level 4 of the Dungeon.
             The game lasted 00:19:39 (4330 turns).

zeratav the Magician (Deep Elf Fire Elementalist)   Turns: 4330, Time: 00:19:40

Health: -5/36      AC:  3    Str:  5    XL:     7   Next: 24%
Magic:  5/20       EV: 12    Int: 22    God:
Gold:   105        SH:  5    Dex: 15    Spells: 11/21 levels left

rFire   . . .      SeeInvis .   l - staff of fire
rCold   + . .      Faith    .   (no shield)
rNeg    . . .      Spirit   .   a - +0 robe
rPois   .          Reflect  +   (no helmet)
rElec   .          Harm     .   t - +0 cloak
rCorr   .          Rampage  .   (no gloves)
Will    .....                   (no boots)
Stlth   +.........              r - amulet of reflection
HPRegen 0.12/turn               h - ring of ice
MPRegen 0.17/turn               (no ring)

@: lit by a corona, attractive, glowing
A: no striking features
a: no special abilities


You were on level 4 of the Dungeon.
You visited 1 branch of the dungeon, and saw 4 of its levels.

You collected 105 gold pieces.

Inventory:

Hand Weapons
 i - a +0 spear
Missiles
 c - 22 sling bullets
 s - 3 poisoned darts
Armour
 a - a +0 robe (worn)
 k - a +1 ring mail of cold resistance
 t - a +0 cloak (worn)
Magical Staves
 l - a staff of fire (weapon)
Jewellery
 h - a ring of ice (left hand)
 r - an amulet of reflection (around neck)
Scrolls
 b - a scroll of amnesia {unknown}
 d - 5 scrolls of identify {unknown}
 e - 2 scrolls of vulnerability {unknown}
 j - 4 scrolls of teleportation {unknown}
 o - a scroll of blinking {unknown}
 p - a scroll of brand weapon {unknown}
 q - a scroll of enchant weapon {unknown}
 x - a scroll of fog {unknown}
Potions
 f - a potion of heal wounds {unknown}
 g - 2 potions of curing {unknown}
 m - 2 potions of attraction
 n - a potion of might {unknown}
 u - a potion of magic {unknown}
 v - a potion of resistance {unknown}
 w - a potion of degeneration {unknown}


   Skills:
 - Level 2.4 Dodging
 - Level 2.9 Stealth
 + Level 7.8 Spellcasting
 + Level 2.9 Conjurations
 + Level 6.1 Fire Magic


You had 11 spell levels left.
You knew the following spells:

 Your Spells              Type           Power      Damage    Failure   Level
a - Foxfire               Conj/Fire      100%       2x1d9     1%          1
b - Scorch                Fire           100%       2d10      1%          2
c - Conjure Flame         Conj/Fire      43%        6-21      3%          3
d - Flame Wave            Conj/Fire      43%        2d9       12%         4

Your spell library contained the following spells:

 Spells                   Type           Power      Damage    Failure   Level
 Inner Flame              Hex/Fire       33%        N/A       6%          3
 Pain                     Necr           32%        1d5       8%          1
 Ignite Poison            Fire/Tmut/Pois 26%        N/A       10%         3
 Sticky Flame             Conj/Fire      43%        2d6       12%         4
 Agony                    Necr           8%         N/A       91%         5
 Excruciating Wounds      Necr           4%         N/A       91%         5


Dungeon Overview and Level Annotations

Branches:
Dungeon (4/15)
 Temple: D:4-7

Altars:

Shops:
D:3 (


Message History

The gnoll hits you from afar with a +0 spear.
The foxfire hits the gnoll shaman.
The gnoll shaman is lightly wounded.
The foxfire hits the gnoll shaman!
The gnoll shaman is heavily wounded.
The gnoll shaman calls upon its god to speed up the gnoll.
The gnoll seems to speed up.
The gnoll hits you from afar with a +0 spear.
Casting: Foxfire (safe; 1% risk of failure)
Confirm with . or Enter, or press ? or * to list all spells.
You feel a surge of power!
You conjure some foxfire!
The gnoll misses you.
The gnoll shaman calls upon its god to heal the gnoll.
The gnoll's wounds heal themselves!
The gnoll misses you.
The foxfire hits the gnoll but does no damage.
The gnoll is almost dead.
The foxfire hits the gnoll.
The gnoll is heavily wounded.
The gnoll hits you from afar with a +0 spear.
* * * LOW HITPOINT WARNING * * *
You hit the gnoll.
You kill the gnoll!
You block the gnoll's attack. The gnoll hits you but does no damage.
You hit the gnoll shaman.
The gnoll shaman is severely wounded.
The gnoll hits you from afar with a +0 spear.
* * * LOW HITPOINT WARNING * * *
You block the gnoll shaman's attack.
Okay, then.
It was a potion of attraction.
You feel attractive to monsters. The gnoll barely misses you. x2
The gnoll shaman hits you with a +0 whip.
* * * LOW HITPOINT WARNING * * *
Unknown command.
Casting: Foxfire (safe; 1% risk of failure)
Confirm with . or Enter, or press ? or * to list all spells.
You feel a surge of power!
Flames lash the gnoll.
You kill the gnoll!
The gnoll shaman hits you with a +0 whip!
You die...

# #.###########################
##............)...............
..>.....†......g@.†)....#####.#.
#######)###############.....:...
#.....#.## ##.####.#. #..g..#
#.....g<. #...##.g.# #..###...
## #.)g# #........ #...#
#......#. #...# #.#....# #..?#
#.#....#


You could see a gnoll shaman.

Vanquished Creatures
  Sigmund (D:2)
  2 sky beasts (D:4)
  A scorpion (D:3)
  2 howler monkeys
  6 gnolls (D:4)
  3 adders (D:2)
  An adder skeleton (D:4)
  A worm (D:2)
  10 bats
  9 endoplasms
  3 giant cockroaches
  4 goblins
  9 hobgoblins
  2 jackals (D:4)
  7 kobolds
  2 quokkas
  8 ball pythons
  3 frilled lizards
  7 rats
81 creatures vanquished.

Vanquished Creatures (others)
  124 foxfires
124 creatures vanquished.

Grand Total: 205 creatures vanquished

Notes
Turn   | Place    | Note
-------+----------+-------------------------------------------
     0 | D:1      | zeratav the Deep Elf Fire Elementalist began the quest for
                  | the Orb.
     0 | D:1      | Reached XP level 1. HP: 10/10 MP: 6/6
   491 | D:1      | Reached XP level 2. HP: 15/15 MP: 6/8
   565 | D:1      | Learned a level 2 spell: Scorch
  1106 | D:1      | Found a faded altar of an unknown god.
  1567 | D:2      | Reached XP level 3. HP: 19/19 MP: 8/10
  1574 | D:2      | Learned a level 3 spell: Conjure Flame
  2022 | D:2      | Reached skill level 4 in Spellcasting
  2058 | D:2      | Noticed Sigmund
  2075 | D:2      | Killed Sigmund
  2076 | D:2      | Reached skill level 5 in Spellcasting
  2076 | D:2      | Reached skill level 5 in Fire Magic
  2076 | D:2      | Reached XP level 4. HP: 24/24 MP: 0/13
  2076 | D:2      | Reached XP level 5. HP: 28/28 MP: 0/15
  2454 | D:2      | Learned a level 4 spell: Flame Wave
  2626 | D:2      | Reached skill level 6 in Spellcasting
  3030 | D:3      | Reached XP level 6. HP: 32/32 MP: 14/17
  3161 | D:3      | Found Kilegeoh's Antique Weapon Boutique.
  3949 | D:4      | Noticed a sky beast
  3952 | D:4      | Reached skill level 7 in Spellcasting
  3964 | D:4      | Killed a sky beast
  4230 | D:4      | Reached XP level 7. HP: 19/36 MP: 16/19
  4329 | D:4      | HP: 1/36 [gnoll shaman/+0 whip (6)]
  4330 | D:4      | Slain by a gnoll shaman

Illustrated notes

Levels and vault maps discovered:
D:1:      erik_arrival_cave_to_civilisation [erik_arrival_cave_to_hall],
          layout_rooms, hellmonk_ecumenical_altar_heavens_door
D:2:      kennysheep_six_static_rooms, layout_basic, uniq_sigmund
D:3:      layout_basic, serial_shops, shop_fountains
D:4:      layout_basic, portal_sewer_entry_d

Skill      XL: |  1  2  3  4  5  6  7 |
---------------+----------------------+-----
Spellcasting   | 5 6 7 |  7.8
Fire Magic     | 5 6 |  6.1
Conjurations   | 2 |  2.9
Dodging        | |  2.4
Stealth        | |  2.9

Action                   |  1- 3 |  4- 6 |  7- 9 || total
-------------------------+-------+-------+-------++-------
Melee: Staff             |     1 |       |     2 ||     3
       Punch             |     1 |       |       ||     1
 Cast: Foxfire           |    33 |    34 |    15 ||    82
       Scorch            |    15 |    22 |     5 ||    42
       Conjure Flame     |     1 |     2 |       ||     3
  Use: Potion            |       |       |     1 ||     1
Armor: Robe              |     2 |       |     2 ||     4
Dodge: Dodged            |    20 |    11 |     6 ||    37
Block: Other             |       |     3 |     5 ||     8
       Reflection        |       |     1 |       ||     1
